 Dungeon Crawl Stone Soup version 0.31-a0-960-g0fca184906 (webtiles) character file.

Game seed: 17316009981319977048

418 Azuregosa the Gusty (level 6, 0/28 HPs)
             Began as a Tengu Air Elementalist on Oct 23, 2023.
             Was a Believer of Hepliaklqana.
             Slain by a bullfrog (2 damage)
             ... in a sewer.
             The game lasted 00:23:05 (3276 turns).

Azuregosa the Gusty (Tengu Air Elementalist)        Turns: 3276, Time: 00:23:05

Health: 0/28       AC:  2    Str:  9    XL:     6   Next: 93%
Magic:  4/13       EV: 13    Int: 17    God:    Hepliaklqana [**....]
Gold:   113        SH:  0    Dex: 20    Spells: 5/13 levels left

rFire   . . .        j - +0 spear
rCold   . . .        (no shield)
rNeg    . . .        a - +0 robe
rPois   .            (helmet restricted)
rElec   .            (no cloak)
rCorr   .            (no gloves)
SInv    .            (boots unavailable)
Will    .....        (no amulet)
Stlth   ++           i - +6 ring of dexterity
HPRegen 0.24/turn    q - ring of flight
MPRegen 0.13/turn

%: acrobat
@: flying
A: reduced essence, beak, talons 3, acrobatic
a: Renounce Religion, Recall Ancestor, Ancestor Identity


You were in a sewer.
You worshipped Hepliaklqana.
Hepliaklqana was pleased with you.
You visited 1 branch of the dungeon, and saw 4 of its levels.
You also visited: Sewer.

You collected 113 gold pieces.

Inventory:

Hand Weapons
 j - a +0 spear (weapon)
Missiles
 d - 28 stones
 m - 4 curare-tipped darts
Armour
 a - a +0 robe (worn)
Jewellery
 i - a +6 ring of dexterity (left hand)
 q - a ring of flight (right hand)
 r - a ring of magical power
Scrolls
 c - 6 scrolls of identify {unknown}
 g - 3 scrolls of amnesia {unknown}
 l - 4 scrolls of teleportation {unknown}
 o - a scroll of revelation {unknown}
 p - a scroll of noise {unknown}
 s - a scroll of blinking {unknown}
Potions
 b - a potion of magic
 e - a potion of might {unknown}
 f - a potion of lignification {unknown}
 k - a potion of ambrosia {unknown}
 n - 2 potions of heal wounds {unknown}


   Skills:
 - Level 2.1 Dodging
 - Level 2.0 Stealth
 + Level 4.1 Spellcasting
 + Level 5.2 Conjurations
 + Level 6.5 Air Magic


You had 5 spell levels left.
You knew the following spells:

 Your Spells              Type           Power      Damage    Failure   Level
a - Shock                 Conj/Air       92%        1d8       1%          1
b - Swiftness             Air            25%        N/A       3%          3
c - Airstrike             Air            12%        2d(2-18)  11%         4

Your spell library contained the following spells:

 Spells                   Type           Power      Damage    Failure   Level
 Static Discharge         Conj/Air       46%        3-5/arc   1%          2
 Scorch                   Fire           6%         2d5       24%         2
 Tukima's Dance           Hex            3%         N/A       43%         3
 Flame Wave               Conj/Fire      12%        2d6       47%         4
 Iskenderun's Mystic Bla  Conj/Tloc      12%        2d5       47%         4
 Dimensional Bullseye     Hex/Tloc       1%         N/A       83%         4
 Summon Cactus Giant      Summ           1%         N/A       100%        6


Dungeon Overview and Level Annotations

Branches:
Dungeon (4/15)              Sewer (1/1)
 Temple: D:4-7

Altars:
Fedhas
Hepliaklqana
Makhleb

Shops:
D:3 *


Innate Abilities, Weirdness & Mutations

Your life essence is reduced to manifest your ancestor. (-10% HP)
You have a beak for a mouth.
You have claws for feet.
You can magically evade attacks while moving or waiting.


Message History

The bullfrog attacks as it pursues you! The bullfrog barely misses you.
The bullfrog attacks as it pursues you! The bullfrog completely misses you.
The bullfrog closely misses you. The bullfrog attacks as it pursues you!
The bullfrog misses you. The bullfrog attacks as it pursues you!
The bullfrog completely misses you. The bullfrog misses you.
Aahotepre barely misses the adder.
The bullfrog barely misses you. The bullfrog completely misses you.
The bullfrog misses you.
You see here a rat corpse.
The bullfrog completely misses you. The bullfrog attacks as it pursues you!
The bullfrog completely misses you. The bullfrog barely misses you.
The bullfrog attacks as it pursues you!
The bullfrog hits you but does no damage.
The bullfrog closely misses you.
You see here a river rat corpse.
Casting: Shock (safe; 1% risk of failure)
Confirm with . or Enter, or press ? or * to list all spells.
Aiming: Shock (safe; 1% risk of failure)
Press: ? - help, Shift-Dir - straight line, f - bullfrog
Aim: a bullfrog (heavily wounded, ally target, 67% to hit)
The zap hits the bullfrog.
The bullfrog is heavily wounded.
The zap hits the adder.
The adder is moderately wounded.
The bullfrog completely misses you. The bullfrog hits you!
* * * LOW HITPOINT WARNING * * *
The bullfrog hits you.
* * * LOW HITPOINT WARNING * * *
Casting: Shock (safe; 1% risk of failure)
Confirm with . or Enter, or press ? or * to list all spells.
Aiming: Shock (safe; 1% risk of failure)
Press: ? - help, Shift-Dir - straight line, f/p - bullfrog
Aim: a bullfrog (heavily wounded, ally target, 67% to hit)
The zap hits the bullfrog.
The bullfrog is heavily wounded.
The zap misses the adder.
Aahotepre avoids your attack.
The bullfrog hits you but does no damage.
The bullfrog hits you.
You die...

≈≈# #≈≈~~~≈# #≈~≈~~≈#
≈≈# #≈≈~~~≈# #≈≈~≈~~#
~≈# #≈~~≈≈≈# #≈≈≈~~≈#
≈≈# #≈≈~~≈≈# #≈≈~~~~#
~.# ##~.÷~## #..~..##
..# #......##
##......# ..#
##......##+##......##
..#
#.......#..†......#
.##
##.....@FSR......##
## ##.....F.......##
######...###### #####


You could see the friendly Aahotepre the knight, 2 bullfrogs and an adder.

Vanquished Creatures
  An iguana (D:4)
  Natasha (thrice) (D:2)
  3 river rats (Sewer)
  2 adders (Sewer)
  A worm (D:2)
  A dart slug (D:1)
  5 orcs (D:3)
  4 endoplasms
  5 giant cockroaches
  5 hobgoblins (D:1)
  6 jackals
  A quokka (D:1)
  11 ball pythons
  A bat (D:2)
  4 frilled lizards
  2 kobolds (D:1)
  17 rats
72 creatures vanquished.

Vanquished Creatures (collateral kills)
  Menkaure (D:4)
  An adder (Sewer)
  4 river rats (Sewer)
  A worm (D:2)
  4 orcs (D:3)
  7 ball pythons
  A bat (D:3)
  3 endoplasms
  A quokka (D:2)
  2 frilled lizards
  A goblin (D:1)
  A kobold (D:1)
  8 rats
35 creatures vanquished.

Grand Total: 107 creatures vanquished

Notes
Turn   | Place    | Note
-------+----------+-------------------------------------------
     0 | D:1      | Azuregosa the Tengu Air Elementalist began the quest for
                  | the Orb.
     0 | D:1      | Reached XP level 1. HP: 10/10 MP: 4/4
   402 | D:1      | Reached XP level 2. HP: 15/15 MP: 1/6
   622 | D:1      | Found a faded altar of an unknown god.
   887 | D:1      | Prayed at the altar of an unknown god.
   887 | D:1      | Became a worshipper of Hepliaklqana the Forgotten
   887 | D:1      | Reached * piety under Hepliaklqana
   969 | D:1      | Reached XP level 3. HP: 17/17 MP: 4/7
   977 | D:1      | Learned a level 3 spell: Swiftness
  1351 | D:2      | Noticed Natasha
  1360 | D:2      | Killed Natasha
  1421 | D:2      | Reached XP level 4. HP: 21/21 MP: 9/9
  1551 | D:2      | Learned a level 4 spell: Airstrike
  1588 | D:2      | Noticed Natasha
  1599 | D:2      | Killed Natasha
  1600 | D:2      | Reached skill level 5 in Air Magic
  1804 | D:2      | Found a blossoming altar of Fedhas.
  2048 | D:2      | Noticed Natasha
  2055 | D:2      | Killed Natasha
  2056 | D:2      | Reached XP level 5. HP: 7/25 MP: 3/10
  2484 | D:3      | Found Woyry's Assorted Antiques.
  2643 | D:3      | Reached ** piety under Hepliaklqana
  2650 | D:3      | Remembered your ancestor Aahotepre as a knight
  2681 | D:3      | Found a burning altar of Makhleb.
  2692 | D:4      | Found a glowing drain.
  2716 | D:4      | Noticed Menkaure
  2725 | D:4      | Killed Menkaure
  2726 | D:4      | Reached skill level 6 in Air Magic
  2726 | D:4      | Reached XP level 6. HP: 6/28 MP: 3/12
  2735 | Sewer    | Entered a sewer
  3100 | Sewer    | Reached skill level 5 in Conjurations
  3250 | Sewer    | HP: 1/28 [adder (3)]
  3275 | Sewer    | HP: 1/28 [bullfrog (1)]
  3276 | Sewer    | Slain by a bullfrog

Illustrated notes

Levels and vault maps discovered:
D:1:      minmay_arrival_split_and_join, layout_loops_ring,
          nicolae_ecumenical_snake_handling
D:2:      layout_loops_ring, basic_altar, minmay_strange_pillars, uniq_natasha
D:3:      layout_rooms, bloody_makhleb, serial_shops, nicolae_shop_waterfront,
          hex_large, minmay_hedge_maze
D:4:      layout_rooms, nicolae_qazlal_style_of_elements,
          cheibrodos_sewer_entry_drain, uniq_menkaure, uniq_eustachio
Sewer:    sewer_minmay_w

Skill      XL: |  1  2  3  4  5  6 |
---------------+-------------------+-----
Conjurations   | 2 3 4 5 |  5.2
Spellcasting   | 3 4 |  4.1
Air Magic      | 5 6 |  6.5
Dodging        | |  2.1
Stealth        | |  2.0

Action                     |  1- 3 |  4- 6 || total
---------------------------+-------+-------++-------
  Melee: Unarmed           |     3 |       ||     3
         Kick              |     1 |     6 ||     7
         Spear             |     6 |    26 ||    32
         Peck              |     1 |     3 ||     4
   Cast: Shock             |    56 |    88 ||   144
         Airstrike         |       |     1 ||     1
         Swiftness         |       |     1 ||     1
 Invoke: Ancestor Life: Kn |       |     1 ||     1
         Ancestor Identity |       |     1 ||     1
         Recall Ancestor   |       |     3 ||     3
    Use: Potion            |       |     2 ||     2
 Armour: Robe              |    16 |    59 ||    75
  Dodge: Dodged            |    34 |   166 ||   200

Table legend: (Time is in decaauts)
 A = Elapsed time spent in this place.
 B = Non-inter-level travel time spent in this place.
 C = Inter-level travel time spent in this place.
 D = Time resting spent in this place.
 E = Time spent auto-exploring this place.
 F = Levels seen in this place.
 G = Mean time per level.
                   A        B        C        D        E       F      G
               +--------+--------+--------+--------+--------+-----+--------+
         Total |   3276 |   3190 |     86 |    863 |   1511 |   5 |  655.2 |
       Dungeon |   2735 |   2649 |     86 |    616 |   1470 |   4 |  683.8 |
         Sewer |    541 |    541 |      0 |    247 |     41 |   1 |  541.0 |
               +--------+--------+--------+--------+--------+-----+--------+

Top non-repeatable levels by time:
     D:1: 1333 daAuts
     D:2: 860 daAuts
   Sewer: 541 daAuts
     D:3: 495 daAuts
     D:4: 46 daAuts
